 Dungeon Crawl Stone Soup version 0.29-a0-321-gf1c400731a (webtiles) character file.

Game seed: 2646068589080199001

1024 zazu2006 the Charlatan (level 8, -14/60 HPs)
             Began as a Gnoll Wanderer on Apr 4, 2022.
             Was an Initiate of Vehumet.
             Demolished by an ogre
             ... wielding a +0 giant club
              (26 damage)
             ... on level 6 of the Dungeon.
             The game lasted 00:12:07 (5470 turns).

zazu2006 the Charlatan (Gnoll Wanderer)             Turns: 5470, Time: 00:12:08

Health: -14/60     AC:  7    Str: 15    XL:     8   Next: 22%
Magic:  12/12      EV: 13    Int: 12    God:    Vehumet [......]
Gold:   175        SH:  0    Dex: 10    Spells: 13/13 levels left

rFire   x . .      SeeInvis .   C - +5 rapier of the Ancient Yaks {vorpal, rPois rF- rC+ Will+}
rCold   + . .      Faith    .   (no shield)
rNeg    . . .      Spirit   .   G - +1 leather armour {Will+}
rPois   +          Reflect  .   y - +0 helmet
rElec   .          Harm     .   (no cloak)
rCorr   .          Rampage  .   o - +0 pair of gloves
Will    ++...                   x - +0 pair of boots
Stlth   ++........              (no amulet)
HPRegen 0.20/turn               (no ring)
MPRegen 0.13/turn               (no ring)

@: no status effects
A: fangs 1, strong nose, distributed training
a: Renounce Religion


You were on level 6 of the Dungeon.
You worshipped Vehumet.
Vehumet was noncommittal.
You visited 2 branches of the dungeon, and saw 7 of its levels.

You collected 175 gold pieces.

Inventory:

Hand Weapons
 a - a +0 hand crossbow
 f - a +4 long sword of freezing
 w - a +0 shortbow
 z - a +0 hunting sling
 C - the +5 rapier of the Ancient Yaks (weapon) {vorpal, rPois rF- rC+ Will+}
   (You found it on level 5 of the Dungeon)

   It inflicts extra damage upon your enemies.
   rF:        It makes you vulnerable to fire.
   rC:        It protects you from cold.
   rPois:     It protects you from poison.
   Will:      It increases your willpower.
Missiles
 c - a poisoned dart
 q - 6 atropa-tipped darts (quivered)
 A - 135 stones
Armour
 o - a +0 pair of gloves (worn)
 x - a +0 pair of boots (worn)
 y - a +0 helmet (worn)
 G - a +1 leather armour of willpower (worn)
Magical Staves
 v - a staff of earth
Wands
 b - a wand of charming (15)
 D - a wand of paralysis (7)
Scrolls
 e - a scroll of silence
 h - a scroll of brand weapon {unknown}
 i - 2 scrolls of blinking {unknown}
 j - 2 scrolls of amnesia {unknown}
 k - 7 scrolls of identify {unknown}
 l - a scroll of summoning {unknown}
 p - 4 scrolls of teleportation {unknown}
 s - a scroll of enchant weapon {unknown}
 t - 3 scrolls of magic mapping {unknown}
 B - a scroll of holy word {unknown}
 F - 2 scrolls of fear {unknown}
Potions
 g - 5 potions of lignification {unknown}
 m - 3 potions of curing {unknown}
 n - 2 potions of magic {unknown}
 r - a potion of brilliance {unknown}
 u - a potion of attraction {unknown}
 E - a potion of ambrosia {unknown}


   Skills:
 + Level 4.0 Fighting
 + Level 3.1 Short Blades
 + Level 3.1 Long Blades
 + Level 3.1 Axes
 + Level 3.1 Maces & Flails
 + Level 3.1 Polearms
 + Level 3.1 Staves
 + Level 3.1 Slings
 + Level 3.1 Bows
 + Level 5.5 Crossbows
 + Level 5.5 Throwing
 + Level 3.1 Armour
 + Level 5.5 Dodging
 + Level 3.1 Stealth
 + Level 3.1 Shields
 + Level 3.1 Unarmed Combat
 + Level 3.1 Spellcasting
 + Level 2.5 Conjurations
 + Level 2.5 Hexes
 + Level 2.5 Summonings
 + Level 2.5 Necromancy
 + Level 2.5 Translocations
 + Level 2.5 Transmutations
 + Level 2.5 Fire Magic
 + Level 2.5 Ice Magic
 + Level 2.5 Air Magic
 + Level 2.5 Earth Magic
 + Level 2.5 Poison Magic
 + Level 3.4 Invocations
 + Level 7.3 Evocations


You had 13 spell levels left.
You didn't know any spells.
Your spell library contained the following spells:

 Spells                   Type           Power      Damage    Failure   Level
 Animate Skeleton         Necr           14%        N/A       11%         1
 Apportation              Tloc           14%        N/A       11%         1
 Freeze                   Ice            28%        1d5       11%         1
 Summon Small Mammal      Summ           28%        N/A       11%         1
 Conjure Flame            Conj/Fire      7%         6-21      32%         3
 Dazzling Flash           Conj/Hex       14%        N/A       32%         3
 Ignite Poison            Fire/Tmut/Pois 7%         N/A       32%         3
 Summon Guardian Golem    Hex/Summ       7%         N/A       32%         3
 Sticky Flame             Conj/Fire      7%         2d3       71%         4
 Agony                    Necr           7%         N/A       96%         5
 Silence                  Hex/Air        3%         N/A       96%         5
 Malign Gateway           Summ/Tloc      3%         N/A       100%        7


Dungeon Overview and Level Annotations

Branches:
Dungeon (6/15)             Temple (1/1) D:5

Altars:
Cheibriados
Fedhas
Gozag
Makhleb
Nemelex Xobeh
Okawaru
Qazlal
Trog
Vehumet
Wu Jian
Xom
Yredelemnul


Innate Abilities, Weirdness & Mutations

You have very sharp teeth.
Your uncanny sense of smell can sniff out nearby items.
Your experience applies equally to all skills.


Message History

The orc wizard hits you but does no damage.
You barely miss the orc wizard. Your bite misses the orc wizard.
The orc wizard hits you but does no damage.
You puncture the orc wizard!
The orc wizard is severely wounded.
You puncture the orc wizard!
You kill the orc wizard!
Vehumet accepts your kill.
You hit the orc wizard.
The orc wizard is almost dead.
The orc wizard closely misses you.
You hit the orc wizard.
You kill the orc wizard!
Vehumet accepts your kill. The orc closely misses you.
The orc hits you with a +0 trident.
Items here: )) [[.
You completely miss the orc. You bite the orc.
The orc is moderately wounded.
The orc barely misses you.
You hit the orc.
You kill the orc!
Vehumet accepts your kill.
Things that are here:
a +0 trident; an orc corpse An ogre comes into view.
It is wielding a +0 giant club.
An ogre is nearby!
The ogre shouts!
You puncture the ogre! You punch the ogre.
The ogre is heavily wounded.
The ogre hits you with a +0 giant club!!
Ouch! That really hurt!
You puncture the ogre! You bite the ogre.
The ogre is severely wounded.
The ogre hits you with a +0 giant club!
* * * LOW HITPOINT WARNING * * *
You barely miss the ogre.
The ogre is severely wounded.
The ogre hits you with a +0 giant club!!
You die...

## # ###.#.##
### ....#.#
#.. #O..# #.#
#@# #.# #)#
#.##########
#)#
#...........
#.#
###..#########
#.###....# #
#.......## #
#####.### #
#.# # #.# ##


You could see an ogre.

Vanquished Creatures
  2 sky beasts (D:5)
  A centaur (D:4)
  2 scorpions
  A necrophage (D:5)
  3 wights (D:6)
  2 hounds (D:5)
  Ijyb (D:5)
  3 iguanas
  3 orc wizards
  10 adders
  A shadow imp (D:6)
  A white imp (D:6)
  A worm (D:3)
  3 dart slugs
  4 orcs
  7 endoplasms
  5 giant cockroaches
  4 goblins
  7 hobgoblins
  7 jackals
  A quokka (D:2)
  5 ball pythons
  5 bats
  5 frilled lizards
  2 kobolds
  5 rats
91 creatures vanquished.

Notes
Turn   | Place    | Note
-------+----------+-------------------------------------------
     0 | D:1      | zazu2006 the Gnoll Wanderer began the quest for the Orb.
     0 | D:1      | zazu2006 set off with the following items: a +0 hand
                  | crossbow, a wand of charming (15), 11 poisoned darts, a +0
                  | dagger, a scroll of silence, a +0 leather armour
     0 | D:1      | Reached XP level 1. HP: 17/17 MP: 1/1
   251 | D:1      | Reached XP level 2. HP: 23/23 MP: 2/2
  1010 | D:2      | Reached XP level 3. HP: 28/28 MP: 2/4
  1148 | D:2      | Reached skill level 1 in Invocations
  1483 | D:2      | Reached skill level 1 in Short Blades
  1483 | D:2      | Reached skill level 1 in Long Blades
  1483 | D:2      | Reached skill level 1 in Axes
  1483 | D:2      | Reached skill level 1 in Maces & Flails
  1483 | D:2      | Reached skill level 1 in Polearms
  1483 | D:2      | Reached skill level 1 in Staves
  1483 | D:2      | Reached skill level 1 in Slings
  1483 | D:2      | Reached skill level 1 in Bows
  1483 | D:2      | Reached skill level 1 in Armour
  1483 | D:2      | Reached skill level 1 in Stealth
  1483 | D:2      | Reached skill level 1 in Shields
  1483 | D:2      | Reached skill level 1 in Unarmed Combat
  1483 | D:2      | Reached skill level 1 in Spellcasting
  1483 | D:2      | Reached XP level 4. HP: 34/34 MP: 5/5
  1490 | D:2      | Got Jyuss's Tome of Creative Snow
  1794 | D:2      | Found a faded altar of an unknown god.
  1915 | D:3      | Identified the +0 pair of boots of the Eternal Void {rElec
                  | rPois rF- Str+4}
  2058 | D:3      | Reached skill level 1 in Conjurations
  2058 | D:3      | Reached skill level 1 in Hexes
  2058 | D:3      | Reached skill level 1 in Summonings
  2058 | D:3      | Reached skill level 1 in Necromancy
  2058 | D:3      | Reached skill level 1 in Translocations
  2058 | D:3      | Reached skill level 1 in Transmutations
  2058 | D:3      | Reached skill level 1 in Fire Magic
  2058 | D:3      | Reached skill level 1 in Ice Magic
  2058 | D:3      | Reached skill level 1 in Air Magic
  2058 | D:3      | Reached skill level 1 in Earth Magic
  2058 | D:3      | Reached skill level 1 in Poison Magic
  2336 | D:3      | Reached XP level 5. HP: 20/40 MP: 6/6
  2783 | D:4      | Noticed a centaur
  3272 | D:4      | Killed a centaur
  3273 | D:4      | Reached XP level 6. HP: 35/47 MP: 8/8
  3466 | D:4      | Reached skill level 5 in Crossbows
  3466 | D:4      | Reached skill level 5 in Throwing
  3466 | D:4      | Reached skill level 5 in Dodging
  3800 | D:5      | Entered Level 5 of the Dungeon
  4417 | D:5      | Found a staircase to the Ecumenical Temple.
  4425 | Temple   | Entered the Ecumenical Temple
  4460 | Temple   | Became a worshipper of Vehumet
  4524 | D:5      | Reached XP level 7. HP: 45/52 MP: 10/10
  4692 | D:5      | Noticed Ijyb
  4694 | D:5      | Identified the +5 rapier of the Ancient Yaks {vorpal, rPois
                  | rF- rC+ Will+}
  4712 | D:5      | Killed Ijyb
  4713 | D:5      | Reached skill level 7 in Evocations
  5193 | D:6      | Reached XP level 8. HP: 35/60 MP: 12/12
  5470 | D:6      | Demolished by an ogre

Illustrated notes

Levels and vault maps discovered:
D:1:      dpeg_arrival_arbitrary_a, layout_basic, dk_noncrumbling_4,
          palyth_stone_intersect, nicolae_concentric_dashed_squares_wild
D:2:      layout_basic, shapermc_ecumenical_altar_mp_vishouse,
          grunt_ministairs_7
D:3:      layout_basic
D:4:      layout_cave_pools
D:5:      layout_rooms, temple_green, uniq_ijyb
D:6:      minmay_chambers_of_fours, layout_loops_ring
Temple:   chequers_temple_sunken

Skill      XL: |  1  2  3  4  5  6  7  8 |
---------------+-------------------------+-----
Invocations    | 1 2 3 |  3.4
Short Blades   | 1 2 3 |  3.1
Long Blades    | 1 2 3 |  3.1
Axes           | 1 2 3 |  3.1
Maces & Flails | 1 2 3 |  3.1
Polearms       | 1 2 3 |  3.1
Staves         | 1 2 3 |  3.1
Slings         | 1 2 3 |  3.1
Bows           | 1 2 3 |  3.1
Armour         | 1 2 3 |  3.1
Stealth        | 1 2 3 |  3.1
Shields        | 1 2 3 |  3.1
Unarmed Combat | 1 2 3 |  3.1
Spellcasting   | 1 2 3 |  3.1
Conjurations   | 1 2 |  2.5
Hexes          | 1 2 |  2.5
Summonings     | 1 2 |  2.5
Necromancy     | 1 2 |  2.5
Translocations | 1 2 |  2.5
Transmutations | 1 2 |  2.5
Fire Magic     | 1 2 |  2.5
Ice Magic      | 1 2 |  2.5
Air Magic      | 1 2 |  2.5
Earth Magic    | 1 2 |  2.5
Poison Magic   | 1 2 |  2.5
Fighting       | 3 4 |  4.0
Crossbows      | 5 |  5.5
Throwing       | 5 |  5.5
Dodging        | 5 |  5.5
Evocations     | 7 |  7.3

Action                   |  1- 3 |  4- 6 |  7- 9 || total
-------------------------+-------+-------+-------++-------
Melee: Dagger            |    76 |   212 |     7 ||   295
       Bite              |     4 |    22 |     9 ||    35
       Punch             |       |     2 |     3 ||     5
       Rapier            |       |       |    81 ||    81
 Fire: Hunting sling     |       |    18 |     4 ||    22
Throw: Dart              |    45 |    50 |     5 ||   100
 Stab: Invisible         |       |     2 |       ||     2
       Confused          |       |       |     1 ||     1
       Sleeping          |       |       |     1 ||     1
Armor: Leather armour    |    29 |    63 |    31 ||   123
Dodge: Dodged            |    41 |   147 |    53 ||   241

Table legend: (Time is in decaauts)
 A = Elapsed time spent in this place.
 B = Non-inter-level travel time spent in this place.
 C = Inter-level travel time spent in this place.
 D = Time resting spent in this place.
 E = Time spent auto-exploring this place.
 F = Levels seen in this place.
 G = Mean time per level.
                   A        B        C        D        E       F      G
               +--------+--------+--------+--------+--------+-----+--------+
         Total |   5450 |   4870 |    580 |    191 |   3601 |   7 |  778.6 |
       Dungeon |   5391 |   4831 |    560 |    191 |   3577 |   6 |  898.5 |
        Temple |     59 |     40 |     19 |      0 |     24 |   1 |   59.0 |
               +--------+--------+--------+--------+--------+-----+--------+

Top non-repeatable levels by time:
     D:3: 1100 daAuts
     D:1: 1095 daAuts
     D:4: 1022 daAuts
     D:2: 939 daAuts
     D:5: 824 daAuts
     D:6: 409 daAuts
  Temple: 59 daAuts
